 Dungeon Crawl Stone Soup version 0.28-a0-500-g121bc3e445 (webtiles) character file.

Game seed: 17579396303654197514

1848 speeev33 the Poker (level 8, -4/73 HPs)
             Began as a Minotaur Gladiator on Sept 19, 2021.
             Was an Initiate of Okawaru.
             Slain by Grinder (6 damage)
             ... while paralysed by Grinder
             ... on level 6 of the Dungeon.
             The game lasted 00:11:45 (6031 turns).

speeev33 the Poker (Minotaur Gladiator)             Turns: 6031, Time: 00:11:46

Health: -4/73      AC: 14    Str: 21    XL:     8   Next: 88%
Magic:  7/7        EV:  2    Int:  1    God:    Okawaru [......]
Gold:   251        SH:  0    Dex: 12    Spells: 7/7 levels left

rFire   . . .      SeeInvis +   v - +4 broad axe of Bloody Death {vorpal, rC+++ Int-4 SInv}
rCold   + + +      Faith    .   w - +0 kite shield
rNeg    . . .      Spirit   .   b - +0 plate armour
rPois   +          Reflect  .   c - +1 hat
rElec   .          Harm     .   p - +0 cloak
rCorr   .          Rampage  .   (no gloves)
Will    .....                   (no boots)
Stlth   ..........              (no amulet)
HPRegen 0.22/turn               j - ring of poison resistance
MPRegen 0.10/turn               a - +4 ring of evasion

@: paralysed
A: horns 2, retaliatory headbutt
a: Renounce Religion


You were on level 6 of the Dungeon.
You worshipped Okawaru.
Okawaru was noncommittal.
You visited 2 branches of the dungeon, and saw 7 of its levels.

You collected 251 gold pieces.

Inventory:

Hand Weapons
 u - a +0 glaive
 v - the +4 broad axe of Bloody Death (weapon) {vorpal, rC+++ Int-4 SInv}
   (You took it off a centaur on level 6 of the Dungeon)

   It inflicts extra damage upon your enemies.
   Int:       It affects your intelligence (-4).
   rC:        It renders you almost immune to cold.
   SInv:      It lets you see invisible.
Missiles
 r - 2 boomerangs (quivered)
 t - 3 javelins
Armour
 b - a +0 plate armour (worn)
 c - a +1 hat (worn)
 p - a +0 cloak (worn)
 w - a +0 kite shield (worn)
Jewellery
 a - a +4 ring of evasion (right hand)
 j - a ring of poison resistance (left hand)
 k - an amulet of faith
Wands
 n - a wand of paralysis (9)
Scrolls
 g - 2 scrolls of magic mapping
 m - 2 scrolls of teleportation
Potions
 e - a potion of magic {unknown}
 f - a potion of invisibility {unknown}
 h - 2 potions of might {unknown}
 i - 2 potions of flight {unknown}
 l - 4 potions of heal wounds
 o - a potion of brilliance {unknown}
 q - a potion of curing
 s - a potion of lignification {unknown}


   Skills:
 + Level 7.6 Fighting
 * Level 1.6(5.2) Axes
 - Level 7.9(8.0) Polearms
 - Level 6.0 Throwing
 + Level 5.9 Armour
 - Level 3.2 Dodging
 + Level 0.0 Shields


You had 7 spell levels left.
You didn't know any spells.
Your spell library was empty.

Dungeon Overview and Level Annotations

Branches:
Dungeon (6/15)             Temple (1/1) D:6

Altars:
Ashenzari
Cheibriados
Elyvilon
Fedhas
Gozag
Makhleb
Nemelex Xobeh
Okawaru
Uskayaw
Vehumet
Wu Jian
The Shining One

Shops:
D:1 *(:=(   D:2 (   D:3 *

Annotations:
D:3 2 transporters, timneilson's ghost, amateur GrFi
D:6 Grinder; Maggie


Innate Abilities, Weirdness & Mutations

You have a pair of horns on your head.
You reflexively headbutt those who attack you in melee.


Message History

Unknown command.
You slash Grinder!
Grinder is severely wounded.
You barely miss Maggie. You block Grinder's attack. You block Maggie's attack.
Grinder blinks!
Maggie barely misses you.
You completely miss the scorpion. You slash Maggie!
You block the scorpion's attack. You block Maggie's attack.
The scorpion stings you but does no damage.
Grinder blinks!
Maggie says, "Fear not.
I will immortalize you in the tale of my first kill."
Maggie hits you with a +0 halberd of flaming!
Maggie burns you.
* * * LOW HITPOINT WARNING * * *
You closely miss the scorpion. You slash Maggie! The scorpion stings you.
* * * LOW HITPOINT WARNING * * *
You block Maggie's attack.
The scorpion stings you but does no damage.
You slash Maggie!
Maggie is severely wounded.
You slash the scorpion! Grinder gestures at you.
You suddenly lose the ability to move!
Maggie hits you but does no damage.
The scorpion stings you but does no damage.
Maggie drinks a potion.
Maggie is healed!
The scorpion stings you but does no damage.
The scorpion stings you but does no damage.
Maggie hits you but does no damage.
The scorpion stings you but does no damage.
Maggie gestures at you while chanting. The bolt of fire hits you!
* * * LOW HITPOINT WARNING * * *
The scorpion stings you.
* * * LOW HITPOINT WARNING * * *
Maggie hits you with a +0 halberd of flaming.
* * * LOW HITPOINT WARNING * * *
Maggie burns you.
* * * LOW HITPOINT WARNING * * *
The scorpion stings you but does no damage.
Grinder hits you.
You die...

### #.##...#.# #
###.###.#.##.#.. #.
#.......#.##.###
#.#####.#.###.#.##.###
#.......#.....#.(.<..#
###.........###.#.##.#.#
.....................#..
#...s5..#.###.#.##.###
#..(@@..#.# #...##)###
#.#####...# ##........ #
#.#.########..##
#.#....# #..).
###[########..##
#.#####.......
#.....#(.....#
###.#.#.......
##...####'#..


You could see Maggie, Grinder and a scorpion.

Vanquished Creatures
  Sigmund (D:6)
  3 water moccasins
  An orc warrior (D:5)
  A sky beast (D:6)
  An ogre (D:5)
  A necrophage (D:6)
  2 centaurs
  A scorpion (D:5)
  A water moccasin skeleton (D:4)
  A bullfrog zombie (D:5)
  A bullfrog skeleton (D:6)
  A jelly (D:4)
  A hound (D:6)
  An orc priest (D:4)
  5 iguanas (D:5)
  8 orc wizards
  A killer bee zombie (D:3)
  A mummy (D:4)
  A howler monkey skeleton (D:6)
  7 adders
  7 gnolls (D:4)
  A shadow imp (D:5)
  An ufetubus (D:5)
  2 worms (D:2)
  25 orcs
  2 bats (D:2)
  8 endoplasms
  3 giant cockroaches
  5 goblins
  5 hobgoblins
  3 quokkas
  5 ball pythons
  2 frilled lizards
  A jackal skeleton (D:4)
  3 kobolds
  8 rats
121 creatures vanquished.

Notes
Turn   | Place    | Note
-------+----------+-------------------------------------------
     0 | D:1      | speeev33 the Minotaur Gladiator began the quest for the
                  | Orb.
     0 | D:1      | Reached XP level 1. HP: 18/18 MP: 0/0
    21 | D:1      | Found Kinimy's General Store.
    85 | D:1      | Found Ykaet's Antique Weapon Shop.
   100 | D:1      | Found Bireurat's Book Shop.
   107 | D:1      | Found Ijoaxen's Jewellery Boutique.
   397 | D:1      | Reached XP level 2. HP: 25/25 MP: 1/1
   530 | D:1      | Found Siynatef's Antique Weapon Emporium.
  1035 | D:2      | Reached XP level 3. HP: 31/31 MP: 2/2
  1113 | D:2      | Found a hide-covered altar of Uskayaw.
  1295 | D:2      | Found Vauraamn's Antique Weapon Shoppe.
  1506 | D:2      | Found a faded altar of an unknown god.
  1699 | D:3      | Found a broken altar of Ashenzari.
  1849 | D:3      | Reached XP level 4. HP: 32/40 MP: 3/3
  2072 | D:3      | Reached skill level 5 in Polearms
  2072 | D:3      | Reached XP level 5. HP: 34/46 MP: 4/4
  2307 | D:3      | Found Roymid's General Store.
  2515 | D:3      | Found a transporter.
  2515 | D:3      | Found a transporter.
  2523 | D:3      | Identified the +8 spear of Qiham {venom, Dex+3}
  2547 | D:3      | Noticed timneilson's ghost (amateur GrFi)
  2767 | D:4      | Reached skill level 1 in Armour
  2824 | D:4      | Reached XP level 6. HP: 42/55 MP: 5/5
  3190 | D:4      | Reached skill level 5 in Fighting
  3234 | D:4      | Found a snail-covered altar of Cheibriados.
  3543 | D:4      | Found an ornate altar of the Wu Jian Council.
  3760 | D:5      | Entered Level 5 of the Dungeon
  3813 | D:5      | Reached XP level 7. HP: 51/61 MP: 6/6
  4179 | D:5      | Reached skill level 5 in Throwing
  4409 | D:5      | Found a radiant altar of Vehumet.
  4409 | D:5      | Found a glowing golden altar of the Shining One.
  4485 | D:6      | Noticed Maggie
  4838 | D:6      | Reached XP level 8. HP: 47/71 MP: 7/7
  5194 | D:6      | Noticed Sigmund
  5196 | D:6      | Noticed Grinder
  5496 | D:5      | Reached skill level 5 in Armour
  5698 | D:6      | Killed Sigmund
  5721 | D:6      | Identified the +4 broad axe of Bloody Death {vorpal, rC+++
                  | Int-4 SInv}
  5822 | D:6      | Found a staircase to the Ecumenical Temple.
  5838 | Temple   | Entered the Ecumenical Temple
  5873 | Temple   | Became a worshipper of Warmaster Okawaru
  5894 | D:6      | Reached skill level 1 in Axes
  6027 | D:6      | Paralysed by Grinder for 6 turns
  6030 | D:6      | HP: 3/73 [scorpion (5)]
  6030 | D:6      | HP: 1/73 [Maggie (1)]
  6031 | D:6      | Slain by Grinder

Illustrated notes

Levels and vault maps discovered:
D:1:      ncdulo_smallfort, layout_loops_ring, serial_shops,
          nicolae_shop_overgrown_old_shop, shop, nicolae_shop_stone,
          nicolae_square_shop, shop
D:2:      layout_loops_ring, basic_altar, ebering_ecumenical_altar_mist,
          serial_aquarium, aquarium_bridge_long_joined
          [aquarium_subvault_bridge, aquarium_subvault_wall,
          aquarium_subvault_window, aquarium_subvault_bridge,
          aquarium_subvault_wall, aquarium_subvault_wall],
          aquarium_window_corridor_1, aquarium_window_fake,
          aquarium_window_corner, aquarium_window_double, aquarium_view_2d,
          serial_shops, nicolae_shop_crystal
D:3:      layout_loops_ring, ashenzari_altar_1, serial_shops, shop,
          gammafunk_ghost_gnarly_gnolls, minmay_strange_pillars, minmay_between
D:4:      layout_cave_pods, pdpol_wu_jian_five_deadly_venoms, slow_altar_2,
          patterned_corridor
D:5:      layout_rooms, gammafunk_temple_overflow_elements,
          kennysheep_generic_room_5
D:6:      layout_basic, general_overflow_altar, minmay_temple_entry_slanted,
          uniq_sigmund, uniq_maggie, uniq_grinder
Temple:   hc_temple_tempest_star

Skill      XL: |  1  2  3  4  5  6  7  8 |
---------------+-------------------------+-----
Polearms       | 4 5 6 7 |  7.9
Fighting       | 3 4 5 6 7 |  7.6
Throwing       | 3 4 5 6 |  6.0
Armour         | 1 2 4 5 |  5.9
Axes           | 1 |  1.6
Dodging        | |  3.2

Action                   |  1- 3 |  4- 6 |  7- 9 || total
-------------------------+-------+-------+-------++-------
Melee: Trident           |    90 |   100 |       ||   190
       Headbutt          |     7 |    19 |    19 ||    45
       Halberd           |       |    64 |    96 ||   160
       Glaive            |       |       |    20 ||    20
       Broad axe         |       |       |    18 ||    18
Throw: Throwing net      |       |       |     4 ||     4
  Use: Scroll            |     2 |     3 |     1 ||     6
 Stab: Sleeping          |     3 |       |       ||     3
       Held in net/web   |       |       |     3 ||     3
Armor: Leather armour    |    12 |       |       ||    12
       Scale mail        |    12 |    16 |       ||    28
       Plate armour      |       |    49 |    95 ||   144
Dodge: Dodged            |    33 |    54 |    77 ||   164
Block: Kite shield       |       |       |     7 ||     7

Table legend: (Time is in decaauts)
 A = Elapsed time spent in this place.
 B = Non-inter-level travel time spent in this place.
 C = Inter-level travel time spent in this place.
 D = Time resting spent in this place.
 E = Time spent auto-exploring this place.
 F = Levels seen in this place.
 G = Mean time per level.
                   A        B        C        D        E       F      G
               +--------+--------+--------+--------+--------+-----+--------+
         Total |   6102 |   5796 |    306 |   1329 |   3349 |   7 |  871.7 |
       Dungeon |   6049 |   5755 |    294 |   1329 |   3325 |   6 | 1008.2 |
        Temple |     52 |     40 |     12 |      0 |     24 |   1 |   52.0 |
               +--------+--------+--------+--------+--------+-----+--------+

Top non-repeatable levels by time:
     D:5: 1726 daAuts
     D:4: 1204 daAuts
     D:3: 942 daAuts
     D:2: 924 daAuts
     D:1: 734 daAuts
     D:6: 517 daAuts
  Temple: 52 daAuts
